 Dungeon Crawl Stone Soup version 0.24-a0-443-g80245de385 (webtiles) character file.

Game seed: 8153750197043866152

41385 HAL9000 the Grappler (level 13, -2/113 HPs)
             Began as a Black Draconian Transmuter on June 20, 2019.
             Was a Believer of Ru.
             Slain by a catoblepas (15 damage)
             ... while petrified by you
             ... on level 6 of the Lair of Beasts on June 21, 2019.
             The game lasted 00:58:07 (23859 turns).

HAL9000 the Grappler (Black Draconian Transmuter)  Turns: 23859, Time: 00:58:08

Health: -2/113     AC: 12    Str: 13    XL:     13   Next: 79%
Magic:  22/26      EV:  2    Int: 18    God:    Ru [**....]
Gold:   846        SH:  0    Dex: 16    Spells: 20/31 levels left

rFire    . . .     SeeInvis .     - Unarmed
rCold    x . .     Gourm    .   (no shield)
rNeg     + + +     Faith    +   (armour unavailable)
rPois    ∞         Spirit   .   (helmet restricted)
rElec    +         Reflect  .   H - +0 cloak
rCorr    .         Harm     .   G - +0 pair of gloves
MR       .....                  u - +1 pair of boots
Stlth    +.........             l - amulet of faith
HPRegen  0.28/turn              C - +4 ring of dexterity
MPRegen  0.20/turn              g - ring of protection from fire

@: petrified
A: breathe lightning, unfitting armour, electricity resistance, cold-blooded,
temperature sensitive, AC +8
a: Breathe Lightning, Renounce Religion


You were on level 6 of the Lair of Beasts.
You worshipped Ru.
Ru was pleased with you.
You were hungry.

You visited 3 branches of the dungeon, and saw 18 of its levels.

You collected 895 gold pieces.
You spent 49 gold pieces at shops.

Inventory:

Hand Weapons
 y - the +9 hunting sling of the Vase {velocity, +Inv rF- rN+, unknown}
   (You found it on level 6 of the Dungeon)

   Any stone fired from it inflicts extra damage.
   It makes you vulnerable to fire.
   It protects you from negative energy.
   It lets you turn invisible.
Missiles
 a - 96 arrows
 h - 53 sling bullets
 R - 4 curare-tipped darts (quivered)
 Y - a throwing net
Armour
 r - a +0 buckler
 u - a +1 pair of boots (worn)
 G - a +0 pair of gloves (worn)
 H - a +0 cloak (worn)
Jewellery
 g - a ring of protection from fire (right hand)
 l - an amulet of faith (around neck)
 n - an uncursed ring of poison resistance
 t - a +2 amulet of reflection
 C - a +4 ring of dexterity (left hand)
 I - an uncursed ring of positive energy
 L - an uncursed amulet of the acrobat
 V - the ring of Gaemeonu {Fire rElec Int+4}
   (You found it on level 2 of the Lair of Beasts)

   [ring of fire]

   It enhances your fire magic.
   It affects your intelligence (+4).
   It protects you from fire.
   It makes you vulnerable to cold.
   It insulates you from electricity.
Wands
 q - a wand of iceblast (13)
 v - a wand of digging (12)
 w - a wand of flame (95)
 A - a wand of clouds (6)
 P - a wand of polymorph (8)
 Q - a wand of acid (21)
 T - a wand of random effects (21)
 Z - a wand of enslavement (9)
Scrolls
 d - 2 scrolls of teleportation
 e - 3 scrolls of magic mapping
 j - a scroll of torment {unknown}
 k - 12 scrolls of remove curse
 m - 2 scrolls of blinking {unknown}
 p - 3 scrolls of amnesia
 s - a scroll of fear
 B - 3 scrolls of enchant weapon {unknown}
 F - a scroll of enchant armour {unknown}
 K - a scroll of silence {unknown}
 S - a scroll of summoning {unknown}
 U - a scroll of random uselessness {unknown}
Potions
 b - 3 potions of brilliance
 f - a potion of lignification {unknown}
 i - 4 potions of haste
 x - a potion of ambrosia {unknown}
 z - 2 potions of flight
 D - 4 potions of agility
 E - 3 potions of heal wounds {unknown}
 J - a potion of magic {unknown}
 M - a potion of degeneration {unknown}
 O - 7 potions of curing {unknown}
 W - 3 potions of might {unknown}
 X - 4 potions of mutation {unknown}
Miscellaneous
 N - a phantom mirror
Comestibles
 c - 14 rations


   Skills:
 - Level 10.0 Fighting
 - Level 9.2 Dodging
 + Level 1.7 Shields
 - Level 14.0 Unarmed Combat
 - Level 9.5 Spellcasting
 - Level 11.0 Transmutations


You had 20 spell levels left.
You knew the following spells:

 Your Spells              Type           Power        Failure   Level  Hunger
a - Beastly Appendage     Tmut           #####.       1%          1    None
b - Sticks to Snakes      Tmut           #####...     1%          2    None
c - Spider Form           Tmut/Pois      ####......   2%          3    None
d - Blade Hands           Tmut           #####.....   2%          5    #####..

Your spell library contained the following spells:

 Spells                   Type           Power        Failure   Level  Hunger
 Animate Skeleton         Necr           N/A          9%          1    None
 Apportation              Tloc           #.....       9%          1    None
 Confusing Touch          Hex            #.....       9%          1    None
 Corona                   Hex            #......      9%          1    None
 Shock                    Conj/Air       #...         9%          1    None
 Summon Small Mammal      Summ           #...         9%          1    None
 Ice Form                 Ice/Tmut       ####....     9%          4    ###....
 Ensorcelled Hibernation  Hex/Ice        #.....       13%         2    None
 Confuse                  Hex            #.......     26%         3    None
 Dazzling Spray           Conj/Hex       #.....       26%         3    None
 Stone Arrow              Conj/Erth      #.....       26%         3    None
 Tukima's Dance           Hex            #.......     26%         3    None
 Force Lance              Conj/Tloc      #.......     63%         4    ###....
 Spellforged Servitor     Conj/Summ      #.........   100%        7    #######


Dungeon Overview and Level Annotations

Branches:
Dungeon (11/15)            Temple (1/1) D:7            Lair (6/6) D:10
  Swamp (0/4) Lair:4       Spider (0/4) Lair:2        Slime (0/5) Lair:6
    Orc: D:9-12

Altars:
Ashenzari
Cheibriados
Dithmenos
Elyvilon
Fedhas
Gozag
Hepliaklqana
Kikubaaqudgha
Makhleb
Nemelex Xobeh
Okawaru
Qazlal
Ru
Sif Muna
Trog
Uskayaw
Vehumet
Wu Jian
Xom
Yredelemnul
Zin
The Shining One
Jiyva

Shops:
D:4 }   D:6 *   D:9 (

Annotations:
D:9 2 transporters, exclusion: orange crystal statue
Lair:3 exclusion: oklob plant


Innate Abilities, Weirdness & Mutations

You can breathe wild blasts of lightning.
Your glossy black scales are hard. (AC +8)
You cannot fit into any form of body armour.
You are resistant to electric shocks. (rElec)
You are cold-blooded and may be slowed by cold attacks.
You are sensitive to extremes of temperature. (rF-, rC-)


Message History

Unknown command.
The catoblepas breathes a plume of calcifying dust at you.
The blast of calcifying dust hits you.
Your limbs are stiffening.
The death yak stops moving altogether!
The catoblepas barely misses you.
You have turned to stone.
The death yak is engulfed in calcifying dust.
The death yak is moving more slowly.
The death yak gores you but does no damage.
The catoblepas gores you!!
The death yak is engulfed in calcifying dust.
The death yak stops moving altogether!
The catoblepas gores you!!
* * * LOW HITPOINT WARNING * * *
The death yak gores you but does no damage.
The catoblepas gores you!!
* * * LOW HITPOINT WARNING * * *
You redirect the death yak's attack!
The death yak gores the death yak.
The catoblepas gores you!!
You die...

## #.....##...##..........# #
##....##.#..#...........#
######.#....##.##...#......... #
#...<..............###.8..##.. #
##.#.P###..#......####..(.###. #
##.#### ####.Y#.....#.....#... #
##...# #P.Y#<.8##...<...#.8 #
#.P..## ##YY#..Y###.....#...
###....P# ##Y@##..Y###...#.##.
.####.P#######...##...###.8.###..
##.#...###P#......##Y..##...##...
....................Y...........#
....##.##.###.......##.........##
...).###### ##.......#.........##
###### ### #.........###....###.
# #.#####.#....## #.8.(....
#####.#.####...Y## #+..#..P.


You could see 4 death yaks and a catoblepas.

Vanquished Creatures
  Josephine (Lair:5)
  9 hydras
  A two-headed ogre (D:10)
  The ghost of pentaxis93 the Thaumaturge, a journeyman DEFE of Sif Muna (Lair:3)
  A death yak (Lair:6)
  A fire crab (Lair:4)
  2 unseen horrors
  Pikel (D:7)
  13 elephants
  4 black mambas
  8 spiny frogs
  A torpor snail (Lair:5)
  Joseph (D:7)
  6 komodo dragons
  A jumping spider (Lair:2)
  2 dream sheep (D:8)
  4 polar bears
  4 slime creatures (Lair:3)
  8 blink frogs
  4 hippogriffs
  A hornet (D:11)
  A bog body (Lair:4)
  2 redbacks (Lair:2)
  3 wraiths (Lair:5)
  49 yaks
  A wyvern (Lair:3)
  2 basilisks
  7 porcupines
  11 water moccasins
  3 orc warriors
  A hornet zombie (D:5)
  3 sky beasts
  2 black bears
  2 phantoms
  A necrophage (D:8)
  A slave (D:7)
  4 centaurs
  3 ogres
  10 crocodiles
  5 wolves (Lair:6)
  5 big kobolds
  17 bullfrogs
  A scorpion (D:8)
  5 killer bees (D:9)
  14 wights
  A howler monkey (D:6)
  2 electric eels
  3 crimson imps
  A centaur zombie (D:9)
  A bullfrog skeleton (D:10)
  7 orc priests
  9 hounds
  2 jellies (Lair:3)
  14 orc wizards
  Crazy Yiuf (D:7)
  A centaur skeleton (D:6)
  2 iguanas
  7 worker ants
  A hound skeleton (D:7)
  A worker ant zombie (D:10)
  3 gnolls (D:3)
  15 adders
  3 shadow imps
  An ooze (D:4)
  3 adder skeletons
  An adder zombie (D:1)
  3 worms
  A dart slug (D:2)
  3 leopard geckos
  39 orcs
  4 ball pythons
  11 bats
  A bat zombie (D:1)
  6 giant cockroaches
  7 goblins
  6 hobgoblins
  17 jackals
  23 kobolds
  6 quokkas
  7 frilled lizards
  A leopard gecko skeleton (D:7)
  A quokka zombie (D:5)
  5 rats
  A plant (Lair:6)
448 creatures vanquished.

Vanquished Creatures (collateral kills)
  A hydra (Lair:5)
  A yak (D:10)
  A quasit (D:6)
  An orc priest (D:8)
  An orc wizard (D:7)
5 creatures vanquished.

Vanquished Creatures (others)
  A polar bear (Lair:6)
  A quokka skeleton (D:7)
  2 bushes (Lair:6)
  6 fungi
  5 plants
15 creatures vanquished.

Grand Total: 468 creatures vanquished

Notes
Turn   | Place    | Note
-------+----------+-------------------------------------------
     0 | D:1      | HAL9000 the Draconian Transmuter began the quest for the
                  | Orb.
     0 | D:1      | Reached XP level 1. HP: 16/16 MP: 3/3
    87 | D:1      | Reached XP level 2. HP: 11/23 MP: 3/5
   591 | D:1      | Reached skill level 4 in Unarmed Combat
   674 | D:1      | Reached XP level 3. HP: 28/28 MP: 6/6
  1327 | D:2      | Found an opulent altar of Gozag.
  1426 | D:2      | Reached XP level 4. HP: 32/35 MP: 7/7
  1467 | D:2      | Reached skill level 5 in Unarmed Combat
  1533 | D:2      | Found a shadowy altar of Dithmenos.
  1535 | D:2      | Found a blossoming altar of Fedhas.
  1557 | D:2      | Found an iron altar of Okawaru.
  1901 | D:2      | Learned a level 2 spell: Sticks to Snakes
  1905 | D:2      | Learned a level 3 spell: Spider Form
  2050 | D:3      | Found an ornate altar of the Wu Jian Council.
  2245 | D:3      | Reached XP level 5. HP: 28/40 MP: 5/8
  3409 | D:3      | Reached XP level 6. HP: 40/47 MP: 7/9
  3573 | D:4      | Found a shimmering altar of Xom.
  3797 | D:4      | Reached skill level 5 in Transmutations
  3822 | D:4      | Found a sparkling altar of Nemelex Xobeh.
  3882 | D:4      | Found Vuum's Gadget Emporium.
  4079 | D:4      | Found a deep blue altar of Sif Muna.
  4244 | D:5      | Entered Level 5 of the Dungeon
  4426 | D:5      | Your scales start taking on a glossy black colour.
  4426 | D:5      | Reached XP level 7. HP: 40/52 MP: 10/10
  4426 | D:5      | Gained mutation: You are resistant to electric shocks.
                  | (rElec) [Black Draconian growth]
  5866 | D:6      | Found Vakompof's General Store.
  5872 | D:6      | Bought a scroll of fear for 49 gold pieces
  6041 | D:6      | Reached XP level 8. HP: 18/59 MP: 8/11
  6352 | D:6      | Got a scorched hunting sling
  6551 | D:6      | Found a glowing golden altar of the Shining One.
  6617 | D:6      | Learned a level 5 spell: Blade Hands
  6624 | D:6      | Found a deep blue altar of Sif Muna.
  6840 | D:7      | Noticed Joseph
  7352 | D:7      | Killed Joseph
  7352 | D:7      | Reached skill level 10 in Transmutations
  7596 | D:7      | Found a staircase to the Ecumenical Temple.
  7596 | D:7      | Noticed Pikel
  7610 | D:7      | Killed Pikel
  7610 | D:7      | Reached XP level 9. HP: 59/68 MP: 6/12
  7778 | Temple   | Entered the Ecumenical Temple
  8073 | D:7      | Reached skill level 6 in Unarmed Combat
  8252 | D:7      | Killed an unseen horror
  8252 | D:7      | Reached skill level 7 in Unarmed Combat
  8562 | D:7      | Found a sacrificial altar of Ru.
  8692 | D:7      | Became a worshipper of Ru the Awakened
  8816 | D:7      | Found a runed translucent door.
  8817 | D:7      | Noticed Crazy Yiuf
  8831 | D:7      | Killed Crazy Yiuf
  9019 | D:8      | Reached skill level 5 in Fighting
  9021 | D:8      | Reached skill level 8 in Unarmed Combat
  9281 | D:8      | Found a radiant altar of Vehumet.
  9506 | D:8      | Reached XP level 10. HP: 71/82 MP: 7/13
  9514 | D:8      | Reached skill level 9 in Unarmed Combat
  9517 | D:8      | Noticed a three-headed hydra
  9685 | D:8      | Found a snail-covered altar of Cheibriados.
  9803 | D:8      | Killed a three-headed hydra
  9807 | D:8      | Reached skill level 10 in Unarmed Combat
 10152 | D:9      | Found a shattered altar of Ashenzari.
 10619 | D:9      | Found Piewigox's Antique Weapon Shop.
 10626 | D:9      | Found a transporter.
 10626 | D:9      | Noticed an ice dragon
 10626 | D:9      | Noticed a glowing orange brain
 10628 | D:9      | Noticed an orange crystal statue
 10870 | D:9      | Found a transporter.
 11833 | D:10     | Entered Level 10 of the Dungeon
 11833 | D:10     | Found a staircase to the Lair.
 11883 | D:9      | HP: 4/86 [yak (8)]
 12530 | D:10     | Reached skill level 5 in Dodging
 12701 | D:10     | Noticed a two-headed ogre
 12872 | D:10     | Killed a two-headed ogre
 12872 | D:10     | Reached XP level 11. HP: 92/92 MP: 8/14
 12959 | D:10     | Killed an unseen horror
 13758 | Lair:1   | Entered Level 1 of the Lair of Beasts
 14960 | Lair:2   | Found a hole to the Spider Nest.
 15632 | Lair:2   | Got a glittering steel ring
 15679 | Lair:2   | Identified the ring of Gaemeonu {Fire rElec Int+4} (You
                  | found it on level 2 of the Lair of Beasts)
 15869 | Lair:2   | Reached skill level 11 in Unarmed Combat
 16219 | Lair:3   | Reached XP level 12. HP: 34/103 MP: 10/15
 16524 | Lair:3   | Noticed a five-headed hydra
 16537 | Lair:3   | Upgraded the game from 0.24-a0-441-g27f0392e16 to
                  | 0.24-a0-443-g80245de385
 16576 | Lair:3   | Killed a five-headed hydra
 16935 | Lair:3   | Noticed a six-headed hydra
 17500 | Lair:3   | Reached skill level 12 in Unarmed Combat
 18114 | Lair:3   | You fall into a shaft and drop 2 floors!
 18386 | Lair:5   | Noticed a four-headed hydra
 18398 | Lair:5   | Killed a four-headed hydra
 18398 | Lair:5   | Reached skill level 13 in Unarmed Combat
 18530 | Lair:5   | Noticed a five-headed hydra
 18536 | Lair:5   | Noticed a five-headed hydra
 18554 | Lair:5   | Killed a five-headed hydra
 18585 | Lair:5   | Noticed a four-headed hydra
 18624 | Lair:5   | Killed a four-headed hydra
 18818 | Lair:5   | Noticed Josephine
 18827 | Lair:5   | Killed Josephine
 19015 | Lair:4   | Noticed a five-headed hydra
 19068 | Lair:3   | Found a runed translucent gate.
 19068 | Lair:3   | Found a runed translucent gate.
 19068 | Lair:3   | Found a runed translucent gate.
 19069 | Lair:3   | Noticed pentaxis93's ghost (journeyman DEFE)
 19070 | Lair:3   | Found a viscous altar of Jiyva.
 19640 | Lair:3   | Identified the Catalogue of Mutagenic Arcane Weapons
 19714 | Lair:4   | Reached skill level 10 in Fighting
 19715 | Lair:4   | Reached skill level 14 in Unarmed Combat
 19797 | Lair:4   | Noticed a four-headed hydra
 19810 | Lair:4   | Killed a four-headed hydra
 19810 | Lair:4   | Reached XP level 13. HP: 100/113 MP: 6/16
 20158 | Lair:4   | Found a staircase to the Swamp.
 20682 | Lair:4   | Reached skill level 5 in Spellcasting
 21141 | Lair:3   | Killed pentaxis93's ghost
 22225 | Lair:6   | Entered Level 6 of the Lair of Beasts
 22266 | Lair:6   | Gained mutation: You are sensitive to extremes of
                  | temperature. (rF-, rC-) [Ru sacrifice]
 22266 | Lair:6   | Reached * piety under Ru
 22266 | Lair:6   | Reached ** piety under Ru
 22453 | Lair:6   | Found a staircase to the Slime Pits.
 23632 | Lair:6   | Reached skill level 1 in Shields
 23859 | Lair:6   | Slain by a catoblepas

Levels and vault maps discovered:
D:1:      saegor_arrival_fortress, layout_basic, serial_glass, glass_columns_b,
          glass_columns_a, feat_on_display, minmay_strange_pillars
D:2:      layout_basic, nicolae_overflow_hidden_temple, minmay_indecisive_spiral
D:3:      layout_rooms, lemuel_crystal_altar
D:4:      cheibrodos_quashed, layout_rooms, lemuel_coloured_pillars_altar,
          old_standard_altar, xom_teletrap_fun, serial_shops, shop,
          first_ration, kennysheep_generic_room_14
D:5:      layout_cave_pods
D:6:      layout_loops_ring, old_standard_altar, serial_shops, shop,
          kennysheep_diamond
D:7:      layout_loops_ring, overflow_temple_1_default,
          minmay_temple_entry_gardened_gates, uniq_crazy_yiuf_cottage,
          uniq_pikel, uniq_joseph
D:8:      layout_rooms, vehumet_altar_wand_db, slow_altar_1, hangedman_ranch
          [blue_anna_fruit_fields]
D:9:      gammafunk_sealed_arena, layout_loops_corners, kennysheep_mini,
          serial_shops, shop, minmay_misc_feat_tiny
D:10:     layout_basic, lair_entry_dummy, hangedman_abyss_or_decor_passed,
          st_stairs_11, hangedman_decor_growths
D:11:     layout_loops_ring, zombieorc1_lemuel, serial_shops,
          nicolae_shop_statue_plus, minmay_beelzebubs_servants
Temple:   chequers_temple_sunken
Lair:1:   layout_hall_layers, beast_lair_carwin_1, grunt_megastairs_4,
          infiniplex_staircase_pool
Lair:2:   layout_chaotic_city, spider_nest_entry_a, patterned_corridor
Lair:3:   layout_regular_city, gammafunk_ghost_ooze, minmay_lair_oklob_chamber,
          grunt_megastairs_2, serial_bayou_shore_b, lemuel_fruit_fields
Lair:4:   layout_gridlike, skrybe_swamp_entry_bodies
Lair:5:   layout_roguey, serial_bayou_shore_b, uniq_josephine
Lair:6:   grunt_lair_end_beastmaster, layout_loops_ring,
          dpeg_slime_entry_corner, grunt_megastairs_5

Skill      XL: |  1  2  3  4  5  6  7  8  9 10 11 12 13 |
---------------+----------------------------------------+-----
Unarmed Combat | 4 5 8 10 11 14 | 14.0
Transmutations | 4 5 8 10 11 | 11.0
Fighting       | 2 5 7 8 10 | 10.0
Dodging        | 6 9 |  9.2
Spellcasting   | 9 |  9.5
Shields        | 1 |  1.7

Action                   |  1- 3 |  4- 6 |  7- 9 | 10-12 | 13-15 || total
-------------------------+-------+-------+-------+-------+-------++-------
Melee: Unarmed           |   156 |   261 |   317 |   563 |   225 ||  1522
       Tailslap          |    22 |    24 |    34 |    60 |    32 ||   172
       Punch             |     3 |     3 |     5 |    22 |    15 ||    48
       Kick              |     4 |    13 |       |       |       ||    17
       Headbutt          |     2 |    11 |     8 |       |       ||    21
Throw: Dart              |       |       |       |     2 |       ||     2
 Cast: Beastly Appendage |    14 |    23 |     7 |       |       ||    44
       Sticks to Snakes  |       |     3 |    13 |    36 |    28 ||    80
       Spider Form       |       |     3 |     8 |     7 |     3 ||    21
       Blade Hands       |       |       |    12 |    67 |    27 ||   106
Invok: Reject Sacrifices |       |       |       |     1 |       ||     1
       Sacrifice Resista |       |       |       |       |     1 ||     1
 Abil: Breathe Lightning |       |       |     3 |    10 |       ||    13
       End Transformatio |       |       |     2 |     3 |     1 ||     6
Evoke: Wand              |       |       |     1 |     4 |       ||     5
  Use: Scroll            |       |     4 |     5 |     9 |     1 ||    19
       Potion            |       |       |     1 |     1 |       ||     2
 Stab: Sleeping          |     1 |     2 |     2 |       |       ||     5
       Distracted        |       |       |     2 |     2 |     1 ||     5
  Eat: Chunk             |     1 |    12 |    10 |    40 |    14 ||    77
       Ration            |       |       |     4 |     7 |     2 ||    13
Armor: Skin              |    48 |    97 |    87 |   127 |    30 ||   389
Dodge: Dodged            |   106 |   126 |   172 |   473 |   179 ||  1056
Block: Other             |       |     4 |    17 |     1 |       ||    22

Table legend:
 A = Non-vault XP
 B = Vault XP
 C = Vault XP percentage of total XP
 D = Non-vault monster count
 E = Vault monster count
 F = Vault count percentage of total count
                 A         B        C        D         E       F
            +---------+---------+-------+---------+---------+-------
      Total |   45284 |   13838 |  23.4 |     388 |      62 |  13.8
            +---------+---------+-------+---------+---------+-------
        D:1 |      46 |       7 |  13.2 |      30 |       2 |   6.2
        D:2 |      51 |       7 |  12.1 |      21 |       4 |  16.0
        D:3 |     284 |       0 |   0.0 |      38 |       0 |   0.0
        D:4 |     242 |      14 |   5.5 |      13 |       1 |   7.1
        D:5 |     345 |       0 |   0.0 |      14 |       0 |   0.0
        D:6 |     843 |      51 |   5.7 |      15 |       2 |  11.8
        D:7 |    1219 |    1328 |  52.1 |      15 |       4 |  21.1
        D:8 |    1272 |    2016 |  61.3 |      24 |       9 |  27.3
        D:9 |    1817 |       0 |   0.0 |      49 |       0 |   0.0
       D:10 |    4318 |      60 |   1.4 |      40 |       3 |   7.0
       D:11 |     478 |       0 |   0.0 |       3 |       0 |   0.0
     Lair:1 |    1885 |    1471 |  43.8 |      10 |       8 |  44.4
     Lair:2 |    2173 |     741 |  25.4 |       9 |       3 |  25.0
     Lair:3 |    9877 |    1910 |  16.2 |      43 |       7 |  14.0
     Lair:4 |    7677 |     253 |   3.2 |      29 |       1 |   3.3
     Lair:5 |    5986 |    1677 |  21.9 |      17 |       4 |  19.0
     Lair:6 |    6771 |    4303 |  38.9 |      18 |      14 |  43.8
            +---------+---------+-------+---------+---------+-------
